AoeStats
← Gezzle

Arabia

510978640Analyzed
2v2 RM · 7h ago on Oct 3, 2026· 32m 55s· 4 players
Game mode
Random Map
Map size
Medium (4 player)
Population
200
Speed
Normal
Resources
Standard
Victory
Conquest
Starting age
Dark Age
Ending age
Imperial Age
RankedLock teamsTeams togetherTeam positionsShared explorationLock speedFull tech treeHidden civsTurbo modeCheats
Victory
Defeat
🇵🇱 Bulgarians · Poland
1103
+12
🇵🇱 Byzantines · Poland
1103
+12
🇷🇺 Japanese · Russia
1040
-13
🇦🇺 Inca · Australia
986
-11
Gezzle
6:40 Loom
13:00 Feudal Age
13:39 Champi Runner
14:13 Double-Bit Axe
16:52 Horse Collar
22:35 Castle Age
21:19 Scale Mail Armor
22:24 Arson
22:37 Champi Warrior
28:20 Wheelbarrow
27:48 Pikeman
76561199137489861
6:05 Loom
10:49 Feudal Age
12:39 Man-at-Arms
13:42 Double-Bit Axe
21:50 Wheelbarrow
23:59 Castle Age
23:58 Scale Mail Armor
24:47 Long Swordsman
27:10 Crossbowman
28:28 Fletching
28:59 Stone Mining
29:17 Horse Collar
30:07 Pikeman
generalcyplus
10:10 Loom
12:52 Feudal Age
14:29 Double-Bit Axe
16:30 Fletching
19:06 Castle Age
18:18 Horse Collar
21:04 Scale Barding Armor
21:43 Bow Saw
21:52 Husbandry
22:02 Gold Mining
26:25 Wheelbarrow
26:05 Forging
28:44 Iron Casting
28:38 Hand Cart
29:25 Chain Barding Armor
antylagi
7:22 Loom
9:34 Feudal Age
11:19 Horse Collar
12:29 Wheelbarrow
14:09 Double-Bit Axe
21:16 Castle Age
20:28 Fletching
20:39 Padded Archer Armor
22:04 Elite Skirmisher
22:42 Bodkin Arrow
23:31 Bow Saw
23:29 Scale Mail Armor
23:39 Forging
24:24 Stone Mining
26:54 Squires
29:41 Heavy Plow
30:30 Thumb Ring
32:26 Iron Casting
Connection lost

Rejoining the realm…

Still unreachable

The connection could not be restored.

Session expired

The server has moved on; the page needs a fresh start.